 Dungeon Crawl Stone Soup version 0.27.1-37-g7b29ead8ac (console) character file.

Game seed: 17547928642041909817

1893 grimtooth the Summoner (level 8, 0/31 HPs)
             Began as a Felid Summoner on Nov 27, 2023.
             Was a Believer of Nemelex Xobeh.
             Slain by an eight-headed hydra (6 damage)
             ... on level 8 of the Dungeon on Nov 28, 2023.
             The game lasted 01:44:55 (17057 turns).

grimtooth the Summoner (Felid Summoner)            Turns: 17057, Time: 01:44:58

Health: 0/31       AC:  2    Str:  4    XL:     8   Next: 93%
Magic:  11/13      EV: 26    Int: 23    God:    Nemelex Xobeh [**....]
Gold:   1280       SH:  5    Dex: 18    Spells: 7/13 levels left
                                        Lives:  0   Deaths: 2

rFire    . . .     SeeInvis +     - Unarmed
rCold    . . .     Faith    .   (shield unavailable)
rNeg     . . .     Spirit   .   (armour unavailable)
rPois    .         Reflect  +   (helmet unavailable)
rElec    .         Harm     .   (cloak unavailable)
rCorr    .         Rampage  .   (gloves unavailable)
Will     +....                  (boots unavailable)
Stlth    ++++......             A - amulet of reflection
HPRegen  0.10/turn              C - +4 ring of evasion
MPRegen  0.13/turn              d - +6 ring of intelligence

@: quick
A: very small, claws 1, fangs 3, see invisible, speed 1, shaggy fur 2, stealthy
paws, no weapons or thrown items, no armour, multi-lived
a: Renounce Religion, Draw Escape, Draw Destruction, Draw Summoning


You were on level 8 of the Dungeon.
You worshipped Nemelex Xobeh.
Nemelex Xobeh was pleased with you.
You visited 2 branches of the dungeon, and saw 9 of its levels.
You also visited: Ossuary and Bailey.

You collected 1280 gold pieces.

Inventory:

Jewellery
 d - a +6 ring of intelligence (right paw)
 A - an amulet of reflection (around neck)
 C - a +4 ring of evasion (left paw)
Wands
 f - a wand of polymorph (9)
 h - a wand of flame (10)
 y - a wand of iceblast (3)
 z - a wand of charming (8)
 B - a wand of mindburst (18)
Scrolls
 b - a scroll of amnesia {unknown}
 e - a scroll of acquirement
 g - 2 scrolls of fear {unknown}
 k - 2 scrolls of fog {unknown}
 m - a scroll of brand weapon {unknown}
 n - 2 scrolls of magic mapping {unknown}
 r - 2 scrolls of silence {unknown}
 x - a scroll of vulnerability {unknown}
Potions
 a - a potion of curing
 c - 3 potions of attraction
 i - a potion of flight
 j - a potion of ambrosia
 l - 2 potions of brilliance {unknown}
 o - 2 potions of mutation
 q - a potion of resistance {unknown}
 t - 3 potions of might
 u - a potion of haste
 w - a potion of berserk rage {unknown}
 E - a potion of cancellation
Miscellaneous
 D - a box of beasts


   Skills:
 + Level 8.1 Dodging
 + Level 7.7 Stealth
 - Level 6.0 Unarmed Combat
 - Level 3.0 Spellcasting
 - Level 9.0 Summonings
 * Level 5.5 Invocations


You had 7 spell levels left.
You knew the following spells:

 Your Spells              Type           Power      Damage    Failure   Level
L - Summon Small Mammal   Summ           100%       N/A       1%          1
N - Call Canine Familiar  Summ           44%        N/A       1%          3
P - Call Imp              Summ           44%        N/A       1%          2

Your spell library contained the following spells:

 Spells                   Type           Power      Damage    Failure   Level
 Summon Guardian Golem    Hex/Summ       24%        N/A       5%          3
 Corpse Rot               Necr/Air       N/A        N/A       17%         2
 Poisonous Vapours        Pois/Air       6%         N/A       17%         2
 Summon Lightning Spire   Summ/Air       24%        N/A       19%         4
 Cause Fear               Hex            1%         N/A       75%         4
 Freezing Cloud           Conj/Ice/Air   1%         6-21      97%         5
 Dragon Form              Tmut           1%         N/A       100%        7
 Dragon's Call            Summ           22%        N/A       100%        9


Dungeon Overview and Level Annotations

Branches:
Dungeon (8/15)             Temple (1/1) D:4         Ossuary (visited)
 Bailey (visited)
   Lair: D:8-11

Altars:
Ashenzari
Cheibriados
Gozag
Makhleb
Nemelex Xobeh
Okawaru
Ru
Vehumet
Zin
The Shining One

Annotations:
D:5 1 runed translucent door, grimtooth's ghost, novice BaSu


Innate Abilities, Weirdness & Mutations

You have sharp claws.
You have razor-sharp teeth.
You have supernaturally acute eyesight. (SInv)
You cover ground quickly. (Speed+)
You are covered in thick fur. (AC +2)
Your paws help you pounce on unaware monsters.
You are incapable of wielding weapons or throwing items.
You cannot wear armour.
You gain extra lives every three experience levels.


Message History

There is a stone staircase leading down, spattered with blood here.
Okay, then.
You climb downwards.
There is a stone staircase leading up here.
Things that are here:
a +0 leather armour; a +0 hand axe You see here a +0 spear.
You see here a +0 spear.
A steam dragon comes into view.
A kobold brigand comes into view.
It is wielding a +0 whip and quivering poisoned darts.
The eight-headed hydra roars!
You hear an angry buzzing noise.
The vampire mosquito buzzes angrily.
The vampire mosquito closely misses you.
There is an open door here.
Okay, then.
Unknown command.
You close the door.
You draw... (choose one card, ? for their descriptions) a - Pain
b - the Orb c - Wild Magic You have drawn the Orb.
Press: ? - help, Shift-Dir - straight line, f - killer bee
Aim: a killer bee Your orb of destruction hits a rock wall. x2
You can no longer choose one out of three cards.
Your orb of destruction hits a rock wall. x2
The orb of destruction hits the killer bee!!!
You blow up the killer bee!
Aiming: Mindburst
Press: ? - help, Shift-Dir - straight line, f - eight-headed hydra
Aim: an eight-headed hydra (chance to affect: 30%)
Okay, then.
The eight-headed hydra bites you!
The eight-headed hydra closely misses you.
The eight-headed hydra bites you!
* * * LOW HITPOINT WARNING * * *
The eight-headed hydra bites you.
You die...
Your body glows slightly and disappears.

##### ##### #°.°# #...#
#.°.# #...# #.D.# ##...###
#@°.# ############ #......#
#...# #...##......
#....#.####...###...##......
#.........'...+y....''......
#....[.####...###(..##......
#..##### #...########......
#......#####......# #######
##>...............### #.....
#####.#####........# #.####
#...###....#...# #.#
#.#............# #.#


You could see an eight-headed hydra.

Vanquished Creatures
  3 wyverns
  A water moccasin (D:8)
  A necrophage (D:7)
  A phantom (D:5)
  A centaur (D:8)
  2 kobold brigands (D:8)
  A bullfrog (D:7)
  A scorpion (D:4)
  4 gnoll sergeants (Bailey)
  A wyvern skeleton (D:7)
  A water moccasin skeleton (D:7)
  A killer bee (D:8)
  A centaur zombie (D:7)
  A crimson imp (D:6)
  A hound (Bailey)
  2 jellies
  2 gnoll shamans (Bailey)
  3 centaur skeletons
  Ijyb (D:3)
  2 orc wizards
  Natasha (thrice) (D:3)
  3 mummies (Ossuary)
  2 adders
  3 gnolls (Bailey)
  A howler monkey skeleton (D:6)
  An ufetubus (D:7)
  A worm (D:7)
  A dart slug (D:3)
  12 orcs
  3 giant cockroaches
  6 goblins
  5 hobgoblins
  8 kobolds
  2 quokkas (D:4)
  4 ball pythons
  5 bats
  A frilled lizard (D:1)
  6 rats
98 creatures vanquished.

Vanquished Creatures (collateral kills)
  Pikel (D:4)
  Sigmund (D:4)
  A wraith (D:7)
  4 yaks (D:8)
  A necrophage (D:8)
  An orc warrior (D:7)
  3 ogres
  A phantom (D:5)
  A kobold brigand (D:6)
  A lemure (D:4)
  A wyvern zombie (D:6)
  2 bullfrogs
  4 gnoll sergeants (Bailey)
  2 killer bees (D:7)
  2 hounds
  2 jellies (D:6)
  4 gnoll shamans (Bailey)
  3 orc wizards
  A killer bee zombie (D:5)
  A hound zombie (D:5)
  5 mummies (Ossuary)
  5 adders
  11 gnolls (Bailey)
  2 white imps
  An adder skeleton (D:4)
  2 worms
  2 dart slugs
  6 orcs
  3 endoplasms (D:2)
  6 hobgoblins
  3 kobolds (D:6)
  A quokka (D:4)
  3 bats
  A frilled lizard (D:1)
  2 gnoll zombies (Ossuary)
  3 hobgoblin zombies (Ossuary)
  2 kobold zombies (Ossuary)
  An orc zombie (Ossuary)
  A rat (D:1)
97 creatures vanquished.

Grand Total: 195 creatures vanquished

Notes
Turn   | Place    | Note
-------+----------+-------------------------------------------
     0 | D:1      | grimtooth the Felid Summoner began the quest for the Orb.
     0 | D:1      | Reached XP level 1. HP: 7/7 MP: 4/4
     0 | D:1      | - so that previous was pretty careless
     0 | D:1      | - felid=fragile remember
   430 | D:1      | Reached XP level 2. HP: 11/11 MP: 4/6
  1052 | D:1      | Learned a level 2 spell: Call Imp
  2048 | D:2      | Reached XP level 3. HP: 14/14 MP: 7/7
  3491 | D:3      | Found a radiant altar of Vehumet.
  3504 | D:3      | Learned a level 3 spell: Call Canine Familiar
  3825 | D:3      | Reached skill level 5 in Summonings
  4167 | D:3      | Found a faded altar of an unknown god.
  4644 | D:3      | Reached XP level 4. HP: 13/18 MP: 8/8
  4822 | D:3      | Found a sacrificial altar of Ru.
  4842 | D:3      | Noticed Natasha
  4921 | D:3      | Noticed Ijyb
  5116 | D:4      | Noticed a scorpion
  5356 | D:4      | Found a glowing silver altar of Zin.
  5658 | D:4      | Found a glowing golden altar of the Shining One.
  5705 | D:4      | Found a staircase to the Ecumenical Temple.
  5730 | Temple   | Entered the Ecumenical Temple
  5737 | Temple   | Became a worshipper of Nemelex Xobeh the Trickster
  5915 | D:4      | Noticed a lemure
  6081 | D:4      | Noticed Sigmund
  6145 | D:5      | Entered Level 5 of the Dungeon
  6245 | D:5      | Found a broken altar of Ashenzari.
  6250 | D:5      | Identified the +5 war axe "Suudgheed" {protect, rElec rN++
                  | rCorr MP-9}
  6594 | D:5      | Found a runed translucent door.
  6596 | D:5      | Noticed a bullfrog
  6601 | D:5      | Noticed grimtooth's ghost (novice BaSu)
  6603 | D:5      | - aww it's me
  6637 | D:5      | Reached * piety under Nemelex Xobeh
  7010 | D:5      | Noticed a phantom
  7010 | D:5      | Noticed a phantom
  7031 | D:5      | Reached XP level 5. HP: 21/21 MP: 2/9
  7243 | D:5      | Killed a phantom
  7244 | D:5      | Reached skill level 6 in Summonings
  7488 | D:6      | Noticed an ogre
  7529 | D:6      | Found a sand-covered staircase.
  7534 | Ossuary  | Entered an ossuary
  7776 | Ossuary  | Reached skill level 5 in Dodging
  7776 | Ossuary  | Reached skill level 1 in Unarmed Combat
  7954 | Ossuary  | Gained mutation: You are covered in thick fur. (AC +2)
                  | [Felid growth]
  7954 | Ossuary  | Reached XP level 6. HP: 24/24 MP: 6/10
  8655 | D:6      | Noticed a wyvern
  9269 | D:6      | Received a gift from Nemelex Xobeh
  9269 | D:6      | Found a burning altar of Makhleb.
  9784 | D:6      | Reached XP level 7. HP: 27/27 MP: 1/11
  9785 | D:6      | Killed a wyvern
 10259 | D:7      | Noticed a wraith
 10407 | D:7      | Noticed a wyvern
 10429 | D:7      | Killed a wyvern
 10813 | D:7      | Reached skill level 5 in Unarmed Combat
 11040 | D:6      | Noticed a rust devil
 11040 | D:6      | Noticed a rust devil
 11077 | D:7      | Reached skill level 5 in Stealth
 11209 | D:7      | Reached ** piety under Nemelex Xobeh
 11212 | D:7      | Found a snail-covered altar of Cheibriados.
 11285 | D:7      | Reached XP level 8. HP: 27/31 MP: 5/12
 11716 | D:7      | Reached skill level 7 in Summonings
 12078 | D:8      | Found a flagged portal.
 12173 | Bailey   | Entered a bailey
 12347 | Bailey   | - is this the one thats all gnolls
 12351 | Bailey   | - yeah looks like it
 12418 | Bailey   | Reached skill level 1 in Invocations
 13274 | Bailey   | - oh youre kidding me
 13274 | Bailey   | - RNG you jerk
 13277 | Bailey   | Reached skill level 8 in Summonings
 13399 | Bailey   | - oh so many nets and I cant even touhc them
 13417 | Bailey   | Mangled by a gnoll sergeant
 13418 | Bailey   | Reached XP level 7. HP: -7/27 MP: 6/12
 13418 | Bailey   | - that was weird
 13646 | Bailey   | Reached XP level 8. HP: 14/31 MP: 3/13
 14032 | D:8      | Received a gift from Nemelex Xobeh
 14203 | D:8      | - man this is a bad teleport
 14203 | D:8      | Noticed a two-headed ogre
 14671 | D:8      | Noticed a troll
 14671 | D:8      | Noticed a deep elf pyromancer
 14671 | D:8      | Noticed an eight-headed hydra
 14671 | D:8      | Noticed a meliai
 14672 | D:8      | - this seems excessive for D8
 14672 | D:8      | Identified 2 scrolls of acquirement
 14672 | D:8      | Acquired a +6 ring of intelligence
 15050 | D:8      | Reached skill level 9 in Summonings
 15073 | D:8      | Mangled by a meliai
 15074 | D:8      | Reached XP level 7. HP: -10/27 MP: 4/12
 15258 | D:8      | Noticed a yak
 15261 | D:8      | - ok meliaiaiiii are a real problem
 15262 | D:8      | - and i have nothing... oh piss on this
 15262 | D:8      | - pure luck here goes
 15263 | D:8      | - theres some luck an this still looks like immediate death
 15267 | D:8      | Noticed a yak
 15267 | D:8      | Killed a yak
 15268 | D:8      | Reached XP level 8. HP: 20/31 MP: 13/13
 15689 | D:4      | Noticed Pikel
 15700 | D:4      | Killed Pikel
 15855 | D:4      | Killed Sigmund
 15857 | D:4      | Reached skill level 5 in Invocations
 16052 | D:3      | Killed Natasha
 16222 | D:3      | Killed Ijyb
 16450 | D:3      | Noticed Natasha
 16460 | D:3      | Killed Natasha
 16568 | D:3      | Noticed Natasha
 16581 | D:3      | Killed Natasha
 16866 | D:5      | Reached *** piety under Nemelex Xobeh
 17057 | D:8      | Slain by an eight-headed hydra

Illustrated notes ####.#### ##.......## ##.........## ##...........## #.............# #.............# #.............# .......@....... #.............# #.............# #.............# ##...........## ##.........## ##.......## ####.#### Turn 0 on D:1: - so that previous was pretty careless

.......................
####........###..####.
#........# #..####.##
#........# #.........
#........# #..####.#.
#........# ##....# # .
####........#
##..#.#.#..
#...........# #...#
.....
#.##........###...#...#
#.##....########......#
#....####≈$WSFS+@#....#
#....# #######.#....#
.....# ##..##...#
####.### ##.# .....
.......# #.# ....##
..##.#.# #.. ...#
#....#.# ### ..##
#.####.# ### #.# .##
#.# .## #.#


Turn 6603 on D:5: - aww it's me ♣♣♣♣♣♣♣♣♣♣♣♣ ♣♣≈≈≈≈≈≈≈≈≈≈≈ ♣♣≈≈...# ♣.≈..###
♣♣.≈..# ♣♣..≈..# ♣...≈..# ♣...≈..# ♣♣...≈..# #♣♣♣.[.....+ #∩.(∩[..@..+
#♣♣♣†......+ ♣♣..55..# ♣♣..≈.h# ♣..≈..# ♣..≈..# ♣♣.≈..# ♣.≈..### ♣♣≈≈...#
♣♣≈≈≈≈≈≈≈≈≈≈≈ ♣♣♣♣♣♣♣♣♣♣♣♣ Turn 12347 on Bailey: - is this the one thats all
gnolls ♣♣♣♣♣♣♣♣♣♣♣♣ ♣♣≈≈≈≈≈≈≈≈≈≈≈ ♣♣≈≈...# ♣.≈..### ♣♣.≈..# ♣♣..≈..# ♣...≈..#
♣...≈..# ♣♣...≈.@# #♣♣♣.[...5h'g..# #∩.(∩[....5'g..+ #♣♣♣†......'.g.#
♣♣...≈..##### ♣♣..≈..# ♣..≈..# ♣..≈..# ♣♣.≈..# ♣.≈..### ♣♣≈≈...# Turn 12351 on
Bailey: - yeah looks like it ♣♣♣♣♣♣♣♣♣♣♣ ♣♣≈≈≈≈≈≈≈≈≈≈ ♣♣≈≈...#### ♣.≈..###.8.g
♣♣.≈..# #ggg.g ♣♣..≈..# #ggg.g ♣...≈..# #..g## ♣...≈..# +. ##. ♣♣...≈..######..
#♣♣♣g[).).)'..g#... #∩@(gg)))))'.))).). #♣♣♣.5....)')..#... ♣♣5..≈..######..
♣♣..≈..# ##. ♣..≈..# ## ♣..≈..# ♣♣.≈..# ♣.≈..### ♣♣≈≈...# ♣♣≈≈≈≈≈≈≈≈≈≈
♣♣♣♣♣♣♣♣♣♣♣ Turn 13274 on Bailey: - oh youre kidding me ♣♣≈≈≈≈≈≈≈≈≈≈≈
♣♣≈≈...#### ## ♣.≈..###.8.g #. ♣♣.≈..# #ggg.g#g ♣♣..≈..# #ggg.g'g ♣...≈..#
#..g#### ♣.5.≈..# +. ##... ♣♣...≈..######.... #♣♣♣.[).).)g...#.....
#∩())[)))5)'.))).).8. #♣♣♣@....g)')..#..... ♣♣..5≈..######.... ♣♣..≈..# ##...
♣..≈..# #### ♣.)≈..# ♣♣.≈..# ♣(≈..### ♣♣≈≈...# ♣♣≈≈≈≈≈≈≈≈≈≈≈ ♣♣♣♣♣♣♣♣♣♣♣♣ Turn
13399 on Bailey: - oh so many nets and I cant even touhc them ♣♣♣♣♣♣♣♣♣♣♣♣
♣♣≈≈≈≈≈≈≈≈≈≈≈ ♣♣≈≈...############# ♣.≈..###.8...#...8.## ♣♣.≈..# #.....#.)....##
≈ ♣♣..≈..# #@....'..g....# ≈ ♣...≈..# #...#####..g..# .≈ ♣...≈..#
'..##...##.g..#..≈ ♣♣...≈..######.....###g##..≈ #♣♣♣h[).).)'...#.......#...(..≈
#∩()gg)g)))'.))).).8...'......≈ #♣♣♣.5....)')..#.......#......≈
♣♣...≈..######.....###+##..≈ ♣♣..≈..# ##...## ..≈ ♣..≈..# ##### ..≈ ♣.)≈..# .≈
Turn 13418 on Bailey: - that was weird ... # ... #. .. ######## #.. .. #......#
##########... .### #.####c... #........#.... ..# #.# ## #
#........#.yy..#.####Y###... '.........y.....@..Syh.......
#........##......###.o....... #........##y..######.####.... #######.####.
#.............. . .. #.###+#####'### ## #§# #S# #D' ##.# #.# #.#. ...# #.# #.#[.
#### #.# #.# #+ Turn 14203 on D:8: - man this is a bad teleport #D' #.# #.#. #.#
#.#[. #.# #.# #+ #.# #.# ## ## #.# #.# #[ :# #.# #.+ +.# #y+ #.###.# }T#eD
#.....# $D) #.##..###+#####y# ##.###.#.....#..@# # ...# #.#..(#.#.###.#
######.'.###.'..)..+ .....#.#..#..#.###.# ####.#.#.....#[# #
.....#.###'#####+#####+###.# ######.....................#
###..#########.#.######### ##.........#...........# ######.##.#.####.#.##.#
#.##...# #.#.##.# Turn 14672 on D:8: - this seems excessive for D8 +o# #y+ }.#D[
T.e ##+#####'# ## # .....#y.=#.##.# ##.# ..(#.#.###.#.#.#.#.#
.###.D..)..)#.#5#'. # ..#..#.###.#Y#y#.# .# .....#[# ##†#.## ..
##'#####'#####'###.# ...............y@..# ..#########.#.#########
#......)..#...........# ######.##.#.####.#.##.# #.##...# #.#.##.# ####
#.#########.#....# ...# #.# #........#..# ##.# #.# #.####......# #.# #.#
#.######.##.# #.# #.# #.#....#.##.# #.###.####.#.##.#)##.# Turn 15261 on D:8: -
ok meliaiaiiii are a real problem +o# #y+ }.#D[ T.e ##+#####'# ## #
.....#y.=#.##.# ##.# ..(#.#.###.#.#.#.#.# .###.D..)..)#.#5#'. #
..#..#.###.#.#y#.# .# .....#[# ##Y#.## .. ##'#####'#####'###.#
...............y@..# ..#########.#.######### #......)..#...........#
######.##.#.####.#.##.# #.##...# #.#.##.# #### #.#########.#....# ...# #.#
#........#..# ##.# #.# #.####......# #.# #.# #.######.##.# #.# #.# #.#....#.##.#
#.###.####.#.##.#)##.# Turn 15262 on D:8: - and i have nothing... oh piss on
this +o# #y+ }.#D[ T.e ##+#####'# ## # .....#y.=#.##.# ##.# ..(#.#.###.#.#.#.#.#
.###.D..)..)#.#5#'. # ..#..#.###.#.#y#.# .# .....#[# ##†#.## ..
##'#####'#####Y###.# ...............y@..# ..#########.#.#########
#......)..#...........# ######.##.#.####.#.##.# #.##...# #.#.##.# ####
#.#########.#....# ...# #.# #........#..# ##.# #.# #.####......# #.# #.#
#.######.##.# #.# #.# #.#....#.##.# #.###.####.#.##.#)##.# Turn 15263 on D:8: -
theres some luck an this still looks like immediate death

Levels and vault maps discovered:
D:1:      psy_arrival_dodecagon, layout_basic
D:2:      layout_loops_corners
D:3:      layout_basic, amcnicky_altar_gilded, nicolae_vehumet_radiance,
          hellmonk_ecumenical_altar_inner_sanctum, uniq_ijyb, uniq_natasha
D:4:      minmay_evil_eye, layout_loops_ring, mainiacjoe_overflow_big_doors,
          minmay_temple_entry_slanted, uniq_sigmund, uniq_pikel
D:5:      layout_basic, nicolae_ashenzari_skybound, ebering_ghost_sewer_d,
          minmay_misc_feat_tower
D:6:      cheibrodos_iron_armory, layout_loops_ring, makhleb_grotto_becter,
          enter_ossuary_2
D:7:      layout_loops_corners, slow_altar_2
D:8:      minmay_the_grid_square_5x5_3x3
          [minmay_the_grid_square_5x5_pentomino_r,
          minmay_the_grid_square_5x5_eight, minmay_the_grid_square_5x5_inset,
          minmay_the_grid_square_5x5_forky,
          minmay_the_grid_square_5x5_megaprize_diamond,
          minmay_the_grid_square_5x5_comb, minmay_the_grid_square_5x5_checkered,
          minmay_the_grid_square_5x5_seven,
          minmay_the_grid_square_5x5_hollow_slash], layout_basic,
          enter_bailey_4, kennysheep_nub
Temple:   nicolae_temple_hex_pool

Skill      XL: |  1  2  3  4  5  6  7  8 |
---------------+-------------------------+-----
Dodging        | 3 4 5 6 7 8 |  8.1
Summonings     | 5 6 9 |  9.0
Unarmed Combat | 1 3 5 6 |  6.0
Stealth        | 5 7 |  7.7
Invocations    | 5 |  5.5
Spellcasting   | 3 |  3.0

Action                   |  1- 3 |  4- 6 |  7- 9 || total
-------------------------+-------+-------+-------++-------
Melee: Unarmed           |   117 |   132 |   287 ||   536
       Bite              |    12 |    15 |    24 ||    51
       Punch             |       |     1 |     7 ||     8
 Cast: Summon Small Mamm |    52 |    18 |    10 ||    80
       Call Imp          |    11 |    42 |    74 ||   127
       Call Canine Famil |       |    19 |    29 ||    48
Invok: Draw Destruction  |       |       |     5 ||     5
       Triple Draw       |       |       |     1 ||     1
       Draw Summoning    |       |       |     1 ||     1
Evoke: Wand              |       |     2 |    19 ||    21
  Use: Potion            |       |     1 |     9 ||    10
       Scroll            |       |     4 |    11 ||    15
 Stab: Sleeping          |    10 |     3 |    15 ||    28
       Distracted        |     1 |     1 |     5 ||     7
Armor: Skin              |    10 |     5 |     9 ||    24
Dodge: Dodged            |   123 |   134 |   332 ||   589
Block: Other             |       |       |    75 ||    75
       Reflection        |       |       |     3 ||     3
